[ AOE2 MATCH · #495356814 ]
UnrankedKhmer vs Byzantines
Player's team · LOSS
[ REPLAY ANALYSIS · EXTRACTED FROM THE RECORDED GAME ]
Feudal
10:13
Castle
21:07
Imperial
39:03
| APM avg | 107.8 |
| APM peak | 213 |
| eAPM avg | 68.4 |
| Villagers / military | 150 / 410 |
Focus
⚔️ 70.8% · 🌾 29.2%
Scout Cavalry ×200 · Archer ×164 · Skirmisher ×14 · Knight ×13 · Militia ×8 · Trebuchet (Packed) ×8
Feudal
8:51
Castle
20:44
Imperial
35:50
| APM avg | 69.5 |
| APM peak | 113 |
| eAPM avg | 35.6 |
| Villagers / military | 220 / 336 |
Focus
⚔️ 46.7% · 🌾 53.3%
Skirmisher ×106 · Camel Scout ×99 · Archer ×67 · Scout Cavalry ×35 · Trebuchet (Packed) ×8 · Monk ×6
Match map
Initial resources + every placement click. Lines = walls · curves = elevation contours. ◆ gold · ⬟ stone · ● berries · ✦ relic · ◌ wall gap
Your base· ✓ Closed at 21:07 · 19t walls · 1 gate(s)
CNZS_Bad Koala's base· Open — unwalled flank
Smoothed initial terrain · ◌ = detected wall gap · hover for details
Inputs per minute
— AiM | Whocl - - CNZS_Bad Koala
Build order — AiM | Whocl
First 150 of 889 actions detected
| 0:01 | Queue | Villager (Male) |
| 0:02 | Build | House |
| 0:03 | Build | House |
| 0:05 | Queue | Villager (Male) |
| 0:19 | Queue | Villager (Male) ×2 |
| 1:28 | Queue | Villager (Male) |
| 1:28 | Queue | Villager (Male) |
| 1:53 | Queue | Villager (Male) |
| 1:54 | Build | Lumber Camp |
| 2:27 | Queue | Villager (Male) |
| 2:45 | Queue | Villager (Male) |
| 2:45 | Queue | Villager (Male) |
| 3:03 | Queue | Villager (Male) |
| 3:03 | Queue | Villager (Male) |
| 3:29 | Queue | Villager (Male) |
| 3:51 | Build | House |
| 3:59 | Queue | Villager (Male) |
| 4:20 | Queue | Villager (Male) |
| 4:29 | Build | Barracks |
| 4:48 | Queue | Villager (Male) |
| 5:16 | Queue | Villager (Male) |
| 5:23 | Build | House |
| 5:43 | Queue | Militia |
| 5:48 | Queue | Villager (Male) |
| 5:51 | Queue | Militia |
| 5:53 | Build | House |
| 6:10 | Queue | Villager (Male) |
| 6:18 | Build | Mill |
| 6:37 | Queue | Villager (Male) |
| 7:07 | Queue | Villager (Male) |
| 7:22 | Build | Palisade Wall |
| 7:32 | Research | Loom |
| 8:03 | Research | Feudal Age |
| 8:04 | Research | Feudal Age |
| 8:16 | Build | Mining Camp |
| 8:55 | Build | House |
| 8:56 | Build | Palisade Wall |
| 9:10 | Queue | Militia |
| 9:10 | Queue | Militia |
| 9:30 | Queue | Militia |
| 10:11 | Queue | Militia |
| 10:13 | Age | Feudal Age |
| 10:19 | Queue | Villager (Male) |
| 10:27 | Research | Man-at-Arms (upgrade) |
| 10:27 | Research | Man-at-Arms (upgrade) |
| 10:29 | Build | House |
| 10:30 | Build | Palisade Wall |
| 10:36 | Queue | Spearman |
| 10:37 | Queue | Villager (Male) |
| 10:44 | Queue | Villager (Male) |
| 10:49 | Queue | Militia |
| 10:54 | Build | Archery Range |
| 11:00 | Research | Double-Bit Axe |
| 11:07 | Build | Farm |
| 11:30 | Queue | Villager (Male) |
| 11:31 | Build | Farm |
| 11:34 | Queue | Skirmisher |
| 11:46 | Build | Palisade Wall |
| 11:52 | Queue | Militia |
| 11:58 | Build | Farm |
| 12:00 | Queue | Archer |
| 12:05 | Build | Palisade Gate |
| 12:06 | Build | House |
| 12:13 | Queue | Villager (Male) |
| 12:13 | Queue | Villager (Male) |
| 12:16 | Build | Palisade Wall |
| 12:45 | Queue | Archer |
| 12:53 | Build | Farm |
| 12:53 | Build | Farm |
| 12:53 | Build | Farm |
| 12:54 | Queue | Villager (Male) |
| 12:54 | Queue | Villager (Male) |
| 13:03 | Build | Mill |
| 13:06 | Queue | Archer |
| 13:27 | Queue | Villager (Male) |
| 13:27 | Queue | Villager (Male) |
| 13:30 | Build | Farm |
| 13:48 | Build | Farm |
| 13:50 | Queue | Villager (Male) |
| 13:54 | Queue | Archer |
| 14:13 | Queue | Skirmisher |
| 14:17 | Queue | Villager (Male) |
| 14:28 | Build | Farm |
| 14:29 | Build | Farm |
| 14:31 | Build | Farm |
| 14:32 | Build | Farm |
| 14:35 | Queue | Villager (Male) |
| 14:49 | Build | Farm |
| 14:54 | Queue | Villager (Male) |
| 15:07 | Build | House |
| 15:10 | Build | Farm |
| 15:20 | Build | Farm |
| 15:23 | Queue | Villager (Male) |
| 15:25 | Build | Farm |
| 15:39 | Build | Farm |
| 15:40 | Build | Farm |
| 15:45 | Queue | Villager (Male) |
| 15:59 | Build | Farm |
| 16:04 | Queue | Villager (Male) |
| 16:16 | Queue | Skirmisher |
| 16:20 | Build | Farm |
| 16:29 | Build | Farm |
| 16:33 | Queue | Villager (Male) |
| 16:34 | Queue | Skirmisher |
| 16:46 | Build | House |
| 17:04 | Queue | Villager (Male) |
| 17:23 | Build | Stable |
| 17:34 | Queue | Villager (Male) |
| 17:53 | Build | Lumber Camp |
| 17:54 | Queue | Villager (Male) |
| 18:16 | Queue | Scout Cavalry |
| 18:19 | Research | Castle Age |
| 18:19 | Research | Castle Age |
| 18:23 | Queue | Skirmisher |
| 18:27 | Queue | Scout Cavalry |
| 18:27 | Queue | Scout Cavalry |
| 18:50 | Queue | Skirmisher |
| 18:52 | Research | Horse Collar |
| 18:53 | Queue | Scout Cavalry |
| 19:14 | Build | House |
| 19:16 | Build | House |
| 19:20 | Queue | Scout Cavalry |
| 19:22 | Queue | Skirmisher |
| 19:50 | Build | Blacksmith |
| 19:51 | Queue | Scout Cavalry |
| 19:55 | Queue | Skirmisher |
| 20:11 | Research | Bloodlines |
| 20:11 | Research | Bloodlines |
| 20:16 | Queue | Skirmisher |
| 20:32 | Queue | Skirmisher |
| 20:46 | Research | Fletching |
| 21:07 | Age | Castle Age |
| 21:08 | Queue | Villager (Male) |
| 21:14 | Research | Bow Saw |
| 21:17 | Research | Bodkin Arrow |
| 21:24 | Queue | Villager (Male) |
| 21:42 | Queue | Villager (Male) |
| 21:46 | Research | Elite Skirmisher (upgrade) |
| 22:00 | Queue | Skirmisher |
| 22:11 | Queue | Skirmisher |
| 22:20 | Queue | Villager (Male) |
| 22:36 | Queue | Skirmisher |
| 22:38 | Queue | Villager (Male) |
| 22:40 | Queue | Knight |
| 22:40 | Queue | Knight |
| 22:41 | Queue | Villager (Male) |
| 22:43 | Queue | Villager (Male) |
| 22:47 | Build | Town Center |
| 22:56 | Queue | Villager (Male) |
| 22:59 | Queue | Archer |
Build order — CNZS_Bad Koala
First 150 of 823 actions detected
| 0:01 | Queue | Villager (Male) |
| 0:02 | Build | House |
| 0:03 | Build | House |
| 0:14 | Queue | Villager (Male) |
| 0:15 | Queue | Villager (Male) |
| 0:15 | Queue | Villager (Male) |
| 0:15 | Queue | Villager (Male) |
| 1:26 | Queue | Villager (Male) |
| 1:26 | Queue | Villager (Male) |
| 1:47 | Queue | Villager (Male) |
| 1:48 | Queue | Villager (Male) |
| 2:22 | Queue | Villager (Male) |
| 2:22 | Queue | Villager (Male) |
| 2:22 | Queue | Villager (Male) |
| 3:03 | Build | Mill |
| 3:14 | Queue | Villager (Male) |
| 3:14 | Queue | Villager (Male) |
| 3:42 | Queue | Villager (Male) |
| 3:58 | Build | House |
| 4:07 | Queue | Villager (Male) |
| 4:11 | Queue | Villager (Male) |
| 4:11 | Queue | Villager (Male) |
| 4:25 | Queue | Villager (Male) |
| 4:25 | Queue | Villager (Male) |
| 4:25 | Queue | Villager (Male) |
| 4:38 | Queue | Villager (Male) |
| 4:39 | Queue | Villager (Male) |
| 5:13 | Queue | Villager (Male) |
| 5:16 | Research | Loom |
| 5:48 | Queue | Villager (Male) |
| 5:49 | Research | Loom |
| 6:18 | Build | Lumber Camp |
| 6:37 | Research | Feudal Age |
| 7:52 | Build | House |
| 7:59 | Build | Barracks |
| 8:12 | Build | Palisade Wall |
| 8:18 | Queue | Villager (Male) |
| 8:39 | Queue | Villager (Male) |
| 8:51 | Age | Feudal Age |
| 8:54 | Queue | Spearman |
| 8:54 | Queue | Spearman |
| 8:56 | Queue | Villager (Male) |
| 9:03 | Build | Archery Range |
| 9:10 | Queue | Villager (Male) |
| 9:10 | Queue | Villager (Male) |
| 9:27 | Queue | Villager (Male) |
| 9:32 | Build | Farm |
| 9:33 | Queue | Villager (Male) |
| 9:51 | Build | Farm |
| 9:57 | Queue | Spearman |
| 10:02 | Queue | Skirmisher |
| 10:03 | Queue | Skirmisher |
| 10:11 | Build | House |
| 10:15 | Research | Double-Bit Axe |
| 10:39 | Queue | Skirmisher |
| 10:42 | Build | House |
| 10:42 | Queue | Villager (Male) |
| 10:43 | Queue | Villager (Male) |
| 10:45 | Build | Mill |
| 11:02 | Queue | Spearman |
| 11:03 | Queue | Skirmisher |
| 11:11 | Build | Farm |
| 11:17 | Build | House |
| 11:26 | Queue | Skirmisher |
| 11:28 | Queue | Villager (Male) |
| 11:32 | Build | Palisade Wall |
| 11:34 | Build | Palisade Wall |
| 11:34 | Build | Palisade Wall |
| 11:48 | Queue | Skirmisher |
| 11:53 | Build | Farm |
| 12:06 | Queue | Skirmisher |
| 12:11 | Build | House |
| 12:13 | Build | Palisade Wall |
| 12:16 | Queue | Villager (Male) |
| 12:21 | Build | House |
| 12:34 | Queue | Villager (Male) |
| 12:35 | Queue | Villager (Male) |
| 12:35 | Queue | Villager (Male) |
| 13:03 | Queue | Skirmisher |
| 13:05 | Queue | Villager (Male) |
| 13:09 | Build | House |
| 13:17 | Build | Farm |
| 13:24 | Queue | Spearman |
| 13:30 | Build | Palisade Wall |
| 13:33 | Queue | Skirmisher |
| 13:36 | Queue | Villager (Male) |
| 13:37 | Queue | Villager (Male) |
| 13:38 | Build | Farm |
| 13:48 | Queue | Skirmisher |
| 13:56 | Queue | Villager (Male) |
| 13:59 | Build | Farm |
| 14:25 | Queue | Skirmisher |
| 14:28 | Queue | Villager (Male) |
| 14:31 | Build | Farm |
| 15:00 | Build | Blacksmith |
| 15:05 | Queue | Villager (Male) |
| 15:08 | Queue | Skirmisher |
| 15:11 | Queue | Villager (Male) |
| 15:23 | Build | Farm |
| 15:45 | Queue | Spearman |
| 15:47 | Queue | Villager (Male) |
| 15:54 | Build | House |
| 16:07 | Build | Mining Camp |
| 16:21 | Build | Palisade Wall |
| 16:22 | Build | Palisade Wall |
| 16:23 | Build | Palisade Wall |
| 16:26 | Build | Palisade Wall |
| 16:29 | Build | Palisade Wall |
| 16:29 | Build | Palisade Wall |
| 17:00 | Queue | Villager (Male) |
| 17:13 | Build | Lumber Camp |
| 17:39 | Queue | Villager (Male) |
| 17:55 | Research | Castle Age |
| 17:55 | Research | Castle Age |
| 18:18 | Build | Stable |
| 18:30 | Research | Fletching |
| 18:30 | Research | Fletching |
| 18:30 | Research | Fletching |
| 18:35 | Build | House |
| 18:39 | Build | Lumber Camp |
| 18:48 | Research | Gold Mining |
| 19:23 | Build | Farm |
| 19:45 | Queue | Villager (Male) |
| 20:10 | Queue | Villager (Male) |
| 20:11 | Queue | Skirmisher |
| 20:11 | Queue | Skirmisher |
| 20:13 | Queue | Villager (Male) |
| 20:44 | Age | Castle Age |
| 20:45 | Queue | Villager (Male) |
| 20:47 | Build | Stable |
| 20:48 | Queue | Camel Scout |
| 20:50 | Queue | Villager (Male) |
| 20:55 | Build | Monastery |
| 20:59 | Research | Bow Saw |
| 21:00 | Research | Bow Saw |
| 21:10 | Queue | Villager (Male) |
| 21:12 | Queue | Camel Scout |
| 21:36 | Queue | Villager (Male) |
| 21:40 | Queue | Camel Scout |
| 21:40 | Queue | Camel Scout |
| 21:41 | Queue | Monk |
| 21:48 | Research | Scale Barding Armor |
| 21:48 | Research | Scale Barding Armor |
| 21:54 | Queue | Villager (Male) |
| 22:08 | Queue | Camel Scout |
| 22:09 | Queue | Camel Scout |
| 22:22 | Queue | Villager (Male) |
| 22:23 | Queue | Villager (Male) |
| 22:24 | Build | Farm |
| 22:26 | Build | Farm |
Match timeline
| 4:29 | AiM | Whocl · first_building Barracks |
| 7:22 | AiM | Whocl · wall_segment Palisade Wall x9 |
| 7:59 | CNZS_Bad Koala · first_building Barracks |
| 8:12 | CNZS_Bad Koala · wall_segment Palisade Wall x1 |
| 8:51 | CNZS_Bad Koala · age_up feudal |
| 8:56 | AiM | Whocl · wall_segment Palisade Wall x4 |
| 9:03 | CNZS_Bad Koala · first_building Archery Range |
| 10:13 | AiM | Whocl · age_up feudal |
| 10:30 | AiM | Whocl · wall_segment Palisade Wall x1 |
| 10:54 | AiM | Whocl · first_building Archery Range |
| 11:32 | CNZS_Bad Koala · wall_segment Palisade Wall x1 |
| 11:34 | CNZS_Bad Koala · wall_segment Palisade Wall x1 |
| 11:34 | CNZS_Bad Koala · wall_segment Palisade Wall x1 |
| 11:46 | AiM | Whocl · wall_segment Palisade Wall x4 |
| 12:13 | CNZS_Bad Koala · wall_segment Palisade Wall x1 |
| 12:16 | AiM | Whocl · wall_segment Palisade Wall x1 |
| 13:30 | CNZS_Bad Koala · wall_segment Palisade Wall x3 |
| 16:21 | CNZS_Bad Koala · wall_segment Palisade Wall x5 |
| 16:22 | CNZS_Bad Koala · wall_segment Palisade Wall x2 |
| 16:23 | CNZS_Bad Koala · wall_segment Palisade Wall x5 |
| 16:26 | CNZS_Bad Koala · wall_segment Palisade Wall x4 |
| 16:29 | CNZS_Bad Koala · wall_segment Palisade Wall x2 |
| 16:29 | CNZS_Bad Koala · wall_segment Palisade Wall x2 |
| 17:23 | AiM | Whocl · first_building Stable |
| 18:18 | CNZS_Bad Koala · first_building Stable |
| 20:44 | CNZS_Bad Koala · age_up castle |
| 20:55 | CNZS_Bad Koala · first_building Monastery |
| 21:07 | AiM | Whocl · age_up castle |
| 22:47 | CNZS_Bad Koala · first_building Siege Workshop |
| 28:19 | AiM | Whocl · first_building Monastery |
| 33:33 | AiM | Whocl · first_building Castle |
| 34:16 | CNZS_Bad Koala · first_building Castle |
| 35:40 | AiM | Whocl · first_market_sell 100 food |
| 35:50 | CNZS_Bad Koala · age_up imperial |
| 36:19 | AiM | Whocl · wall_segment Palisade Wall x1 |
| 37:29 | AiM | Whocl · wall_segment Stone Wall x4 |
| 37:30 | AiM | Whocl · wall_segment Stone Wall x8 |
| 38:53 | AiM | Whocl · first_market_buy 100 stone |
| 39:03 | AiM | Whocl · age_up imperial |
| 46:33 | AiM | Whocl · first_building Siege Workshop |
| 48:41 | CNZS_Bad Koala · first_market_sell 500 food |
| 48:43 | CNZS_Bad Koala · first_market_buy 100 stone |
| 53:16 | AiM | Whocl · resign |
[ AI ANALYSIS · 1 CREDIT ]
What really happened in this match?
Wolo.gg analyzes every decision: build order, eco, micro, common mistakes by bracket. Personalized analysis on WhatsApp or Discord in 30 seconds.
Civ guide
Khmer
Perfil
Jugador #2309468